 Dungeon Crawl Stone Soup version 0.25.0-46-gbd7b0854d2 (webtiles) character file.

Game seed: 3460282349545712604

29996 Korkiloff the Basher (level 13, -2/113 HPs)
             Began as a Minotaur Monk on July 12, 2020.
             Was a High Priest of the Shining One.
             Slain by an orc warrior
             ... wielding a +0 long sword
              (13 damage)
             ... on level 1 of the Orcish Mines on July 16, 2020.
             The game lasted 01:12:19 (15942 turns).

Korkiloff the Basher (Minotaur Monk)               Turns: 15942, Time: 01:12:21

Health: -2/113     AC: 11    Str: 20      XL:     13   Next: 18%
Magic:  14/14      EV: 22    Int: 12 (13) God:    the Shining One [*****.]
Gold:   2463       SH: 18    Dex: 15 (17) Spells: 12/15 levels left

rFire    . . .     SeeInvis .   t - +3 rapier of Strategic Superiority {freeze, Int+3}
rCold    . . .     Gourm    .   L - +0 kite shield
rNeg     + + .     Faith    .   n - +1 steam dragon scales
rPois    .         Spirit   .   (helmet restricted)
rElec    .         Reflect  +   i - +0 cloak
rCorr    .         Harm     .   C - +1 pair of gloves {archery}
MR       +....                  N - +1 pair of boots "Soneug" {Int+2}
Stlth    +.........             w - amulet of reflection
HPRegen  0.28/turn              M - ring of protection from magic
MPRegen  0.14/turn              O - +4 ring of evasion

@: glowing
A: retaliatory headbutt, horns 2, agile 1, deterioration 1, strong 1
a: Divine Shield, Cleansing Flame, Summon Divine Warrior, Renounce Religion


You were on level 1 of the Orcish Mines.
You worshipped the Shining One.
The Shining One was extremely pleased with you.
You were very hungry.

You visited 3 branches of the dungeon, and saw 16 of its levels.

You collected 2581 gold pieces.
You spent 118 gold pieces at shops.

Inventory:

Hand Weapons
 a - the cursed +0 quarterstaff "Kiporrothriwn" {pain, +Blink rPois, unknown}
   (You found it on level 12 of the Dungeon)

   In the hands of one skilled in necromantic magic, it inflicts extra damage on
   living creatures.
   It protects you from poison.
   It lets you blink.
   It has a curse placed upon it.
   The Shining One disapproves of the use of such an item.
 f - a +1 hunting sling of flaming
 q - a +4 vorpal great sword
 t - the +3 rapier of Strategic Superiority (weapon) {freeze, Int+3}
   (You found it on level 10 of the Dungeon)

   It has been specially enchanted to freeze those struck by it, causing extra
   injury to most foes and up to half again as much damage against particularly
   susceptible opponents.
   It can also slow down cold-blooded creatures.
   It affects your intelligence (+3).
 B - a +0 hand crossbow
 D - a +4 falchion of holy wrath
 K - a +2 vorpal flail
 X - a +2 vorpal shortbow
 Z - a +0 flail of holy wrath
Missiles
 e - 2 boomerangs (quivered)
 m - 530 arrows
 r - 79 sling bullets
 G - a throwing net
 J - 71 bolts
 P - 3 boomerangs of dispersal
 U - 7 atropa-tipped darts
 W - 7 silver boomerangs
Armour
 i - a +0 cloak (worn)
 n - +1 steam dragon scales (worn)
 C - a +1 pair of gloves of archery (worn)
 F - a +2 robe of resistance
 L - a +0 kite shield (worn)
 N - the +1 pair of boots "Soneug" (worn) {Int+2}
   (You found it on level 5 of the Dungeon)

   It affects your intelligence (+2).
Jewellery
 p - an uncursed amulet of regeneration
 w - an amulet of reflection (around neck)
 M - a ring of protection from magic (left hand)
 O - a +4 ring of evasion (right hand)
 S - an uncursed amulet of the acrobat
Wands
 b - a wand of paralysis (8)
 j - a wand of iceblast (20)
 o - a wand of disintegration (9)
 R - a wand of digging (3)
 V - a wand of polymorph (14)
Scrolls
 l - a scroll of enchant armour
 u - 17 scrolls of identify
 v - 5 scrolls of teleportation
 y - a scroll of fog
 A - 6 scrolls of remove curse
 E - a scroll of blinking
Potions
 d - a potion of brilliance
 h - a potion of cancellation
 k - a potion of curing
 s - 2 potions of lignification
 z - 4 potions of flight
 Q - 2 potions of haste
 T - a potion of resistance
Comestibles
 c - 25 rations


   Skills:
 + Level 10.1 Fighting
 + Level 7.3(7.6) Short Blades
 + Level 3.6(6.3) Long Blades
   Level 7.9(10.8) Axes
 + Level 11.6(12.4) Maces & Flails
 + Level 8.4 Throwing
 + Level 9.9 Dodging
 + Level 3.7 Stealth
 + Level 11.5 Shields
 + Level 1.5 Spellcasting
 + Level 0.8 Hexes
   Level 1.2 Summonings
 + Level 0.5 Invocations
 + Level 0.8 Evocations


You had 12 spell levels left.
You knew the following spells:

 Your Spells              Type           Power        Failure   Level  Hunger
a - Corona                Hex            #......      32%         1    ##.....
b - Slow                  Hex            #.......     43%         2    ###....

Your spell library contained the following spells:

 Spells                   Type           Power        Failure   Level  Hunger
 Call Imp                 Summ           #.......     38%         2    ###....
 Infusion                 Chrm           #...         41%         1    ##.....
 Magic Dart               Conj           #...         41%         1    ##.....
 Shock                    Conj/Air       #...         41%         1    ##.....
 Ensorcelled Hibernation  Hex/Ice        #.....       50%         2    ###....
 Blink                    Tloc           N/A          56%         2    ###....
 Passwall                 Tmut/Erth      #.......     56%         2    ###....
 Shroud of Golubria       Chrm/Tloc      #.....       56%         2    ###....
 Song of Slaying          Chrm           #.......     56%         2    ###....
 Swiftness                Chrm/Air       #.......     56%         2    ###....
 Confusing Touch          Hex            #.......     67%         3    ####...
 Tukima's Dance           Hex            #.......     67%         3    ####...
 Dazzling Flash           Conj/Hex       #.....       75%         3    ####...
 Spectral Weapon          Hex/Chrm       #.......     75%         3    ####...
 Conjure Flame            Conj/Fire      #.......     80%         3    ####...
 Mephitic Cloud           Conj/Pois/Air  #.......     80%         3    ####...
 Ozocubu's Armour         Chrm/Ice       #.......     80%         3    ####...
 Static Discharge         Conj/Air       #.......     80%         3    ####...
 Airstrike                Air            #.........   99%         4    #####..
 Lightning Bolt           Conj/Air       #.........   100%        5    ######.
 Ring of Flames           Chrm/Fire      #.........   100%        7    #######


Dungeon Overview and Level Annotations

Branches:
Dungeon (13/15)            Temple (1/1) D:4            Lair (0/6) D:9
    Orc (2/2) D:12         Vaults (0/5) D:13
    Elf: Orc:2

Altars:
Ashenzari
Cheibriados
Dithmenos
Elyvilon
Fedhas
Gozag
Hepliaklqana
Kikubaaqudgha
Makhleb
Nemelex Xobeh
Okawaru
Qazlal
Ru
Sif Muna
Trog
Uskayaw
Vehumet
Wu Jian
Xom
Yredelemnul
Zin
The Shining One
Beogh

Shops:
D:5 *!%![   D:10 (   D:13 :*!%

Annotations:
D:6 2 transporters, MisterFreud's ghost, novice DsAK
D:12 2 transporters, Bexeah's ghost, journeyman MiFi


Innate Abilities, Weirdness & Mutations

You reflexively headbutt those who attack you in melee.
You have a pair of horns on your head.
You are agile. (Dex +2)
Your body sometimes deteriorates upon taking damage.
Your muscles are strong. (Str +2)


Message History

You hit the ogre. You freeze the ogre.
The ogre is heavily wounded.
You block the ogre's attack. You block the orc warrior's attack.
You puncture the ogre! You freeze the ogre. You headbutt the ogre.
You kill the ogre!
You block the orc warrior's attack. The orc warrior completely misses you.
You barely miss the orc warrior. Your headbutt misses the orc warrior.
The orc warrior is lightly wounded.
The orc priest invokes the aid of Beogh against you.
Beogh smites you!
* * * LOW HITPOINT WARNING * * *
You block the orc warrior's attack.
You barely miss the orc warrior.
The orc warrior is lightly wounded.
You are feeling very hungry.
The orc warrior misses you. You furiously retaliate!
You headbutt the orc warrior, but do no damage.
You block the orc's attack.
The orc warrior hits you with a +0 long sword!
You die...

###############
##..#.##..#.##.##
##..oo...........###.
#..ooo...............
##.#@##......>.......
###.))..o......(.#
.......o..)...#...
#.....#.......$.....
##..#####......#....
### #...o........
#.............
##............
#..........#


You could see 2 orc warriors, an orc priest and 2 orcs.

Vanquished Creatures
  An orc warlord (D:12)
  A stone giant (Orc:1)
  A hydra (D:11)
  A centaur warrior (D:13)
  A death knight (D:10)
  Pikel (D:5)
  An orc knight (Orc:2)
  An orb spider (shapeshifter) (D:13)
  3 deep elf magi
  4 ugly things
  A black mamba (shapeshifter) (D:13)
  4 cyclopes
  3 gargoyles (D:13)
  2 komodo dragons
  A kobold demonologist (D:11)
  A queen bee (D:9)
  5 trolls
  2 hornets (D:10)
  A slime creature (D:10)
  7 hippogriffs
  A wraith (D:10)
  2 wyverns
  2 hogs (D:7)
  A human (D:7)
  3 yaks
  A basilisk (D:10)
  Grum (D:8)
  2 hungry ghosts
  A steam dragon (D:10)
  2 vampire mosquitoes (D:13)
  3 wargs (Orc:2)
  A soldier ant (D:12)
  An acid dragon (D:10)
  A water moccasin (D:10)
  Duvessa (D:7)
  A floating eye (shapeshifter) (D:13)
  4 ice beasts
  15 orc warriors
  5 sky beasts
  A phantom (D:10)
  4 slaves (D:5)
  13 ogres
  2 wolves (D:8)
  An eye of draining (D:9)
  3 crocodiles
  2 big kobolds (D:12)
  10 centaurs
  12 bullfrogs
  A water moccasin zombie (D:9)
  Dowan (D:7)
  2 wyvern zombies
  2 scorpions
  A water moccasin skeleton (D:10)
  31 killer bees
  2 electric eels (D:6)
  5 howler monkeys
  3 centaur zombies
  9 crimson imps
  8 hounds
  3 bullfrog skeletons
  5 jellies
  Crazy Yiuf (D:4)
  18 orc priests
  4 centaur skeletons
  5 iguanas
  28 orc wizards
  13 worker ants
  A hound skeleton (D:10)
  2 worker ant zombies (D:11)
  20 gnolls
  13 adders
  2 shadow imps
  2 oozes
  2 adder zombies
  4 worms
  8 leopard geckos
  88 orcs
  7 bats
  4 giant cockroaches
  4 goblins
  5 hobgoblins
  11 jackals
  3 quokkas
  A ball python (D:2)
  5 frilled lizards
  25 kobolds
  9 rats
  A fungus (D:4)
497 creatures vanquished.

Vanquished Creatures (collateral kills)
  A worker ant (D:3)
  A hobgoblin (D:3)
  A rat (D:3)
3 creatures vanquished.

Vanquished Creatures (others)
  An adder (D:6)
  A kobold (D:12)
  A quokka (D:7)
  A ball python (D:6)
  11 plants
15 creatures vanquished.

Grand Total: 515 creatures vanquished

Notes
Turn   | Place    | Note
-------+----------+-------------------------------------------
     0 | D:1      | Korkiloff the Minotaur Monk began the quest for the Orb.
     0 | D:1      | Reached XP level 1. HP: 19/19 MP: 0/0
    56 | D:1      | Reached XP level 2. HP: 24/27 MP: 1/1
   574 | D:2      | Reached XP level 3. HP: 31/33 MP: 2/2
  1358 | D:2      | Reached XP level 4. HP: 41/41 MP: 3/3
  1610 | D:3      | Reached skill level 5 in Axes
  1630 | D:3      | Reached XP level 5. HP: 44/47 MP: 4/4
  1679 | D:3      | Learned a level 2 spell: Call Imp
  1682 | D:3      | Learned a level 2 spell: Slow
  1693 | D:3      | Reached skill level 1 in Throwing
  2101 | D:3      | Found a white marble altar of Elyvilon.
  2366 | D:3      | Found a basalt altar of Yredelemnul.
  2742 | D:4      | Reached XP level 6. HP: 45/55 MP: 1/5
  2854 | D:4      | Found a staircase to the Ecumenical Temple.
  2867 | D:4      | Reached skill level 5 in Fighting
  3383 | D:4      | Reached skill level 1 in Spellcasting
  3383 | D:4      | Reached skill level 1 in Summonings
  3649 | D:4      | Found a runed translucent door.
  3650 | D:4      | Noticed Crazy Yiuf
  3704 | D:4      | Killed Crazy Yiuf
  3704 | D:4      | Reached XP level 7. HP: 46/61 MP: 4/7
  3819 | D:5      | Entered Level 5 of the Dungeon
  3824 | D:5      | Found Itiyc's General Store.
  3830 | D:5      | Bought a potion of heal wounds for 70 gold pieces
  3834 | D:5      | Found Keah Guec's Food Boutique.
  3835 | D:5      | Noticed Pikel
  3878 | Temple   | Entered the Ecumenical Temple
  3893 | Temple   | Became a worshipper of the Shining One
  3893 | Temple   | Reached * piety under the Shining One
  3893 | Temple   | Reached ** piety under the Shining One
  4031 | D:5      | Reached skill level 5 in Dodging
  4357 | D:5      | Found an opulent altar of Gozag.
  4396 | D:5      | Found Beuhiu's Distillery.
  4407 | D:5      | Found Qinih's Armour Shop.
  4408 | D:5      | Bought a potion of curing for 36 gold pieces
  4408 | D:5      | Bought a potion of degeneration for 12 gold pieces
  4677 | D:5      | Got a pair of smoking boots
  4697 | D:5      | Identified the +1 pair of boots "Soneug" {Int+2} (You found
                  | it on level 5 of the Dungeon)
  4753 | D:5      | Found an ornate altar of the Wu Jian Council.
  4753 | D:5      | Found a hazy altar of Hepliaklqana.
  4754 | D:5      | Found a radiant altar of Vehumet.
  4819 | D:5      | Found Aroaklal's Distillery.
  4850 | D:5      | Reached skill level 1 in Shields
  5111 | D:5      | Reached XP level 8. HP: 66/70 MP: 8/8
  5128 | D:5      | Found a shattered altar of Ashenzari.
  5240 | D:5      | Killed Pikel
  5304 | D:6      | Found a blossoming altar of Fedhas.
  5600 | D:6      | Noticed MisterFreud's ghost (novice DsAK)
  5696 | D:6      | Identified the cursed +1 ring mail "Mofitzue" {rElec MR+}
  6040 | D:6      | Found a shimmering altar of Xom.
  6252 | D:6      | Found a transporter.
  6302 | D:6      | Found a transporter.
  6308 | D:6      | Identified the +1 kite shield "Itox" {rElec rF+}
  6450 | D:7      | Reached XP level 9. HP: 78/78 MP: 9/9
  6584 | D:7      | Noticed Duvessa
  6586 | D:7      | Noticed Dowan
  6609 | D:7      | Killed Duvessa
  6618 | D:7      | Killed Dowan
  6666 | D:7      | Reached *** piety under the Shining One
  6673 | D:7      | Reached skill level 5 in Maces & Flails
  6885 | D:7      | Found a white marble altar of Elyvilon.
  7078 | D:7      | Reached skill level 5 in Shields
  7477 | D:8      | Gained mutation: Your body sometimes deteriorates upon
                  | taking damage. [potion of mutation]
  7477 | D:8      | Gained mutation: You are agile. (Dex +2) [potion of
                  | mutation]
  7477 | D:8      | Gained mutation: Your muscles are strong. (Str +2) [potion
                  | of mutation]
  7538 | D:8      | Reached XP level 10. HP: 86/86 MP: 10/10
  7548 | D:8      | Reached skill level 5 in Throwing
  7998 | D:8      | Found an opulent altar of Gozag.
  8047 | D:8      | Noticed Grum
  8072 | D:8      | Killed Grum
  8328 | D:8      | Upgraded the game from 0.25.0-45-g978344163c to
                  | 0.25.0-46-gbd7b0854d2
  8387 | D:9      | Found a staircase to the Lair.
  8984 | D:9      | Reached **** piety under the Shining One
  9535 | D:10     | Entered Level 10 of the Dungeon
  9538 | D:10     | Learned a level 1 spell: Corona
  9716 | D:10     | Reached XP level 11. HP: 94/94 MP: 12/12
  9728 | D:10     | Reached skill level 10 in Maces & Flails
 10116 | D:10     | Paralysed by a hornet for 3 turns
 10319 | D:10     | Noticed a death knight
 10335 | D:10     | Killed a death knight
 10532 | D:10     | Found Likug's Antique Weapon Boutique.
 10826 | D:10     | Identified Karos's Tome of Earthen Enhancements
 11039 | D:10     | Noticed a deep elf mage
 11042 | D:10     | Killed a deep elf mage
 11044 | D:10     | Reached skill level 1 in Long Blades
 11063 | D:10     | Got an ancient rapier
 11071 | D:10     | Identified the +3 rapier of Strategic Superiority {freeze,
                  | Int+3} (You found it on level 10 of the Dungeon)
 11526 | D:11     | Noticed a green ugly thing
 11537 | D:11     | Killed a green ugly thing
 11537 | D:11     | Reached skill level 1 in Short Blades
 12251 | D:11     | Noticed a four-headed hydra
 12265 | D:11     | Killed a four-headed hydra
 12265 | D:11     | Reached XP level 12. HP: 69/105 MP: 13/13
 12434 | D:11     | Reached ***** piety under the Shining One
 12696 | D:12     | Reached skill level 10 in Shields
 12898 | D:12     | Found a staircase to the Orcish Mines.
 13409 | D:12     | Found a transporter.
 13413 | D:12     | Noticed Bexeah's ghost (journeyman MiFi)
 13416 | D:12     | Found a transporter.
 13416 | D:12     | Noticed a frost giant
 13430 | D:12     | Got a polished quarterstaff
 13672 | D:13     | Identified a scroll of acquirement
 13672 | D:13     | Acquired 530 gold pieces
 13955 | D:13     | Noticed a centaur warrior
 13959 | D:13     | Found a gate to the Vaults.
 13972 | D:13     | Reached skill level 5 in Short Blades
 13980 | D:13     | Killed a centaur warrior
 14431 | D:13     | Found Dast's Assorted Antiques.
 14435 | D:13     | Found Esou's Food Shop.
 14435 | D:13     | Found Juluehi's Book Shop.
 14436 | D:13     | Found Luqol's Distillery.
 15033 | Orc:1    | Entered Level 1 of the Orcish Mines
 15075 | Orc:1    | Noticed a stone giant
 15085 | Orc:1    | Noticed an orc warlord
 15087 | Orc:1    | Killed a stone giant
 15087 | Orc:1    | Reached skill level 10 in Fighting
 15133 | D:12     | Killed an orc warlord
 15133 | D:12     | Reached XP level 13. HP: 83/113 MP: 12/14
 15465 | Orc:1    | Found a roughly hewn altar of Beogh.
 15617 | Orc:2    | Entered Level 2 of the Orcish Mines
 15924 | Orc:1    | HP: 5/113 [orc priest/divine providence (14)]
 15942 | Orc:1    | Slain by an orc warrior

Illustrated notes

Levels and vault maps discovered:
D:1:      wander_arrival_desolate, layout_rooms
D:2:      layout_basic, minmay_misc_feat_four_crosses
D:3:      minmay_wonky_spiral, layout_basic, kennysheep_ying_yang, first_ration,
          minmay_goblin_kobold_house
D:4:      layout_loops_ring, minmay_temple_entry_junction,
          uniq_crazy_yiuf_cottage
D:5:      layout_rooms, grunt_gozag_breadcrumbs,
          nicolae_overflow_quartered_altars, serial_shops, shop, shop, shop,
          nicolae_shop_window_shopping, shop, nrook_pool_corridor,
          minmay_misc_feat_more_columns, hex_tiny, uniq_pikel
D:6:      layout_loops_corners, basic_altar, gammafunk_ghost_gnarly_gnolls,
          minivault_14, serial_bayou_pond_a, chequers_serial_rivers_large_a,
          xom_confusion_cloud
D:7:      layout_cave_pools, grunt_livestock, elyvilon_altar_4, uniq_duvessa
D:8:      layout_loops_cross, kennysheep_flooded_box, nrook_mini_vaults,
          st_stairs_9, grunt_ministairs_6, uniq_grum
D:9:      layout_loops_corners, lair_entry_dummy, special_room
          [special_room_bee], chequers_serial_rivers_micro_e
D:10:     minmay_the_grid_square_5x5_4x4 [minmay_the_grid_square_5x5_trominoes,
          minmay_the_grid_square_5x5_tie, minmay_the_grid_square_5x5_inset,
          minmay_the_grid_square_5x5_inner_v, minmay_the_grid_square_5x5_lines,
          minmay_the_grid_square_5x5_prize_rear_guard,
          minmay_the_grid_square_5x5_prize_open,
          minmay_the_grid_square_5x5_plus, minmay_the_grid_square_5x5_minivault,
          minmay_the_grid_square_5x5_prize_gold,
          minmay_the_grid_square_5x5_prize_waves,
          minmay_the_grid_square_5x5_one_wall,
          minmay_the_grid_square_5x5_minimal,
          minmay_the_grid_square_5x5_two_walls_b,
          minmay_the_grid_square_5x5_gyroscope,
          minmay_the_grid_square_5x5_empty], layout_loops_corners, serial_shops,
          kennysheep_mini_moat, minmay_lizard_king
D:11:     layout_basic
D:12:     layout_loops_ring, orc_0_dummy, gammafunk_ghost_arena
D:13:     layout_loops_ring, david_vaults_2, minmay_shop_grid_forest
Temple:   regret_index_temple_waves
Orc:1:    layout_caves, basic_altar
Orc:2:    st_orc_town, layout_diamond_mine

Skill      XL: |  1  2  3  4  5  6  7  8  9 10 11 12 |
---------------+-------------------------------------+-----
Axes           | 4 5 6 7 |  7.9
Fighting       | 4 5 6 7 8 9 10 | 10.1
Stealth        | 2 3 |  3.7
Dodging        | 4 5 7 8 9 |  9.9
Throwing       | 1 2 3 4 6 8 |  8.4
Spellcasting   | 1 |  1.5
Summonings     | 1 |  1.2
Shields        | 1 4 5 7 9 11 | 11.5
Maces & Flails | 4 7 9 11 | 11.6
Long Blades    | 3 |  3.6
Short Blades   | 3 7 |  7.3
Hexes          | |  0.8
Invocations    | |  0.5
Evocations     | |  0.8

Action                   |  1- 3 |  4- 6 |  7- 9 | 10-12 | 13-15 || total
-------------------------+-------+-------+-------+-------+-------++-------
Melee: Hand axe          |    79 |   154 |   100 |       |       ||   333
       Headbutt          |     9 |    34 |    49 |   170 |    25 ||   287
       Flail             |       |       |   135 |   373 |       ||   508
       Quarterstaff      |       |       |     4 |       |       ||     4
       Rapier            |       |       |       |   368 |   101 ||   469
       Great sword       |       |       |       |    13 |       ||    13
Throw: Dart              |     9 |     6 |       |       |       ||    15
       Boomerang         |       |     3 |   106 |   211 |    37 ||   357
       Javelin           |       |       |       |       |     5 ||     5
 Cast: Call Imp          |       |    10 |       |       |       ||    10
       Corona            |       |       |       |     1 |       ||     1
Invok: Divine Shield     |       |       |       |     4 |     1 ||     5
Evoke: Wand              |       |       |     1 |     2 |     3 ||     6
  Use: Scroll            |     1 |     1 |     7 |     4 |     1 ||    14
       Potion            |       |       |     5 |     6 |     8 ||    19
 Stab: Sleeping          |     1 |     3 |       |       |       ||     4
  Eat: Chunk             |     1 |    10 |    13 |    25 |     2 ||    51
Armor: Robe              |     7 |       |       |       |       ||     7
       Steam dragon scal |    17 |    59 |    37 |    78 |     2 ||   193
Dodge: Dodged            |    52 |    85 |    79 |   301 |    32 ||   549
Block: Other             |     5 |    31 |     8 |    15 |       ||    59
       Reflection        |       |     2 |     1 |    37 |     7 ||    47
       Kite shield       |       |       |   145 |   495 |    95 ||   735
       Rpst.: Great sword |       |       |       |     5 |       ||     5
